 Dungeon Crawl Stone Soup version 0.24.0-41-g2ae2f7f1be (webtiles) character file.

Game seed: 17936696214188598883, levelgen mode: deterministic

5647 Iamsoldier the Spear-Bearer (level 10, -3/79 HPs)
             Began as a Demonspawn Berserker on Dec 13, 2019.
             Was a High Priest of Trog.
             Slain by a wyvern (10 damage)
             ... on level 9 of the Dungeon.
             The game lasted 00:13:22 (8864 turns).

Iamsoldier the Spear-Bearer (Demonspawn Berserker)  Turns: 8864, Time: 00:13:22

Health: -3/79      AC: 15    Str: 19    XL:     10   Next: 46%
Magic:  10/10      EV: 16    Int:  9    God:    Trog [*****.]
Gold:   459        SH: 10    Dex: 13    Spells: 9/9 levels left

rFire    . . .     SeeInvis .   A - +4 trident
rCold    . . .     Gourm    .   e - +0 shield
rNeg     + . .     Faith    .   l - +0 chain mail
rPois    +         Spirit   .   (no helmet)
rElec    .         Reflect  .   I - +2 ratskin cloak {+Rats rPois rN+ Str-1 Int-1 Dex+1}
rCorr    .         Harm     .   (no gloves)
MR       .....                  (no boots)
Stlth    ..........             (no amulet)
HPRegen  1.23/turn              t - +4 ring of evasion
MPRegen  0.12/turn              J - +4 ring of evasion

@: berserk cooldown, slowed, very slow
A: claws 2, iridescent scales 1, demonic guardian 1, powered by death 2
a: Berserk, Trog's Hand, Brothers in Arms, Renounce Religion, Evoke Ratskin


You were on level 9 of the Dungeon.
You worshipped Trog.
Trog was extremely pleased with you.
You were very hungry.

You visited 1 branch of the dungeon, and saw 9 of its levels.

You collected 701 gold pieces.
You spent 242 gold pieces at shops.

Inventory:

Hand Weapons
 o - a +0 trident
 A - a +4 trident (weapon)
Armour
 a - a +0 cloak
 e - a +0 shield (worn)
 j - a scarf of repulsion
 l - a +0 chain mail (worn)
 I - the +2 ratskin cloak (worn) {+Rats rPois rN+ Str-1 Int-1 Dex+1}
   (You found it on level 7 of the Dungeon)

   It affects your strength (-1).
   It affects your intelligence (-1).
   It affects your dexterity (+1).
   It protects you from poison.
   It protects you from negative energy.
 M - +0 acid dragon scales
Jewellery
 t - a +4 ring of evasion (left claw)
 u - an uncursed amulet of magic regeneration
 C - an uncursed ring of protection from fire
 J - a +4 ring of evasion (right claw)
Wands
 F - a wand of random effects (41)
Scrolls
 f - 5 scrolls of teleportation
 g - a scroll of remove curse
 h - 3 scrolls of fear {unknown}
 p - 3 scrolls of immolation {unknown}
 q - 4 scrolls of random uselessness {unknown}
 r - 12 scrolls of identify
 s - a scroll of amnesia {unknown}
 y - 3 scrolls of enchant weapon {unknown}
 B - a scroll of enchant armour {unknown}
 E - a scroll of blinking {unknown}
 H - a scroll of fog {unknown}
Potions
 b - a potion of berserk rage {unknown}
 c - 5 potions of heal wounds {unknown}
 i - 2 potions of degeneration {unknown}
 k - a potion of lignification {unknown}
 m - 5 potions of might
 n - 3 potions of curing
 v - a potion of agility {unknown}
 w - a potion of mutation {unknown}
 x - a potion of ambrosia
 z - a potion of resistance {unknown}
 D - 2 potions of flight {unknown}
 G - a potion of magic {unknown}
 L - a potion of haste {unknown}
Comestibles
 d - 16 rations
 K - 11 chunks of flesh


   Skills:
 + Level 7.0 Fighting
 * Level 9.0 Polearms
 + Level 6.1 Armour
 + Level 6.0 Dodging
 + Level 5.6 Shields


You had 9 spell levels left.
You didn't know any spells.
Your spell library was empty.

Dungeon Overview and Level Annotations

Branches:
Dungeon (9/15)             Temple (0/1) D:7
   Lair: D:8-11         Orc: D:9-12

Altars:
Ashenzari
Gozag
Hepliaklqana
Okawaru
Ru
Trog
Xom
Yredelemnul

Shops:
D:4 !


Innate Abilities, Weirdness & Mutations

You have very sharp fingernails.
You are partially covered in iridescent scales. (AC +2)
A weak demonic guardian rushes to your aid.
You regenerate health from kills.


Message History

You puncture the komodo dragon!
You kill the komodo dragon!
Trog accepts your kill.
Your Fighting skill increases to level 7!
Your Polearms skill increases to level 9!
Attack whom?
Press: ? - help, Dir - move target cursor, f - wyvern
Aim: a wyvern You reach to attack!
You puncture the wyvern!
The wyvern is moderately wounded.
You are no longer berserk.
You are exhausted.
You feel yourself slow down.
Attack whom?
Press: ? - help, Dir - move target cursor, f/p - wyvern
Aim: a wyvern (moderately wounded)
You barely miss the wyvern.
The wyvern is moderately wounded.
The wyvern bites you!
You die...

#.......## #.........
######### #.........
#......... #....(.... #
########## ##.
..##..###### ###
#....#.....##..
.......@l.##.###### #
.......55...###.#.######
.##...#..........#.##..#
#...####...รท.....###..
#.#. #.#.###........ #
$# ###..#.######## ##
#####


You could see a wyvern, a friendly iron imp and a friendly shadow imp.

Vanquished Creatures
  2 two-headed ogres
  Pikel (D:7)
  A komodo dragon (D:9)
  Grinder (D:4)
  Edmund (D:6)
  An acid dragon (D:9)
  2 orc warriors
  A phantom (D:4)
  2 sky beasts
  2 ice beasts (D:6)
  3 ogres
  3 crocodiles
  A big kobold (D:8)
  2 bullfrogs
  2 scorpions
  4 wights (D:6)
  2 howler monkeys
  3 crimson imps (D:5)
  3 jellies
  A hound (D:9)
  4 orc wizards
  3 orc priests
  3 bullfrog skeletons
  3 iguanas
  3 hell rats (D:7)
  4 worker ants
  9 adders
  4 river rats (D:7)
  2 shadow imps
  An ooze (D:3)
  2 adder zombies
  2 worms (D:2)
  3 dart slugs
  7 leopard geckos
  23 orcs
  A ball python (D:3)
  6 bats
  5 giant cockroaches
  2 gnoll zombies (D:5)
  8 goblins
  7 hobgoblins
  7 jackals
  3 quokkas
  6 frilled lizards
  A jackal zombie (D:5)
  14 kobolds
  A leopard gecko zombie (D:6)
  17 rats
189 creatures vanquished.

Vanquished Creatures (collateral kills)
  Erica (D:8)
  2 phantoms
  2 ogres
  A wight (D:6)
  2 howler monkeys (D:7)
  A hound (D:4)
  An orc wizard (D:8)
  A bullfrog skeleton (D:5)
  An orc priest (D:6)
  2 orcs
  2 kobolds (D:8)
16 creatures vanquished.

Vanquished Creatures (others)
  A crimson imp (D:7)
1 creature vanquished.

Grand Total: 206 creatures vanquished

Notes
Turn   | Place    | Note
-------+----------+-------------------------------------------
     0 | D:1      | Iamsoldier the Demonspawn Berserker began the quest for the
                  | Orb.
     0 | D:1      | Reached XP level 1. HP: 18/18 MP: 1/1
   464 | D:1      | Gained mutation: You regenerate a little health from kills.
                  | [demonic ancestry]
   464 | D:1      | Reached XP level 2. HP: 6/24 MP: 2/2
   926 | D:1      | Reached skill level 3 in Polearms
  1216 | D:2      | Gained mutation: A weak demonic guardian rushes to your
                  | aid. [demonic ancestry]
  1216 | D:2      | Reached XP level 3. HP: 21/29 MP: 3/3
  1404 | D:2      | Reached skill level 1 in Shields
  1437 | D:2      | Reached ** piety under Trog
  1676 | D:2      | Reached XP level 4. HP: 28/35 MP: 4/4
  1898 | D:2      | Found an opulent altar of Gozag.
  1922 | D:2      | Found a bloodstained altar of Trog.
  2191 | D:3      | Found a faded altar of an unknown god.
  2655 | D:4      | Noticed Grinder
  2670 | D:4      | Killed Grinder
  2670 | D:4      | Reached skill level 4 in Polearms
  2670 | D:4      | Reached XP level 5. HP: 26/42 MP: 5/5
  2670 | D:4      | Gained mutation: You have sharp fingernails. [demonic
                  | ancestry]
  2670 | D:4      | Reached XP level 6. HP: 29/48 MP: 6/6
  3087 | D:4      | Gained mutation: You have very sharp fingernails. [demonic
                  | ancestry]
  3087 | D:4      | Reached XP level 7. HP: 35/54 MP: 7/7
  3328 | D:4      | Reached *** piety under Trog
  3338 | D:4      | Found a shattered altar of Ashenzari.
  3523 | D:4      | Reached skill level 5 in Polearms
  3818 | D:4      | Found Reipp's Distillery.
  3828 | D:4      | Bought a potion of curing for 33 gold pieces
  3828 | D:4      | Bought a potion of ambrosia for 88 gold pieces
  3828 | D:4      | Bought a potion of might for 44 gold pieces
  3828 | D:4      | Bought a potion of curing for 33 gold pieces
  3828 | D:4      | Bought a potion of might for 44 gold pieces
  4185 | D:5      | Entered Level 5 of the Dungeon
  4383 | D:5      | Found a basalt altar of Yredelemnul.
  4888 | D:5      | Gained mutation: You are partially covered in iridescent
                  | scales. (AC +2) [demonic ancestry]
  4888 | D:5      | Reached XP level 8. HP: 60/61 MP: 8/8
  5207 | D:6      | Reached skill level 6 in Polearms
  5222 | D:6      | Reached skill level 5 in Fighting
  5342 | D:6      | Found a sacrificial altar of Ru.
  5531 | D:6      | Found a shimmering altar of Xom.
  5551 | D:6      | Noticed Edmund
  5568 | D:6      | Killed Edmund
  5787 | D:6      | Reached **** piety under Trog
  5787 | D:6      | Gained mutation: You regenerate health from kills. [demonic
                  | ancestry]
  5787 | D:6      | Reached XP level 9. HP: 68/68 MP: 9/9
  6199 | D:7      | Reached skill level 7 in Polearms
  6855 | D:7      | Noticed Pikel
  6870 | D:7      | Killed Pikel
  6870 | D:7      | Reached skill level 5 in Armour
  6870 | D:7      | Reached skill level 5 in Dodging
  6937 | D:7      | Found a staircase to the Ecumenical Temple.
  7429 | D:7      | Found the +2 ratskin cloak {+Rats rPois rN+ Str-1 Int-1
                  | Dex+1}
  7615 | D:8      | Noticed a two-headed ogre
  7623 | D:8      | Killed a two-headed ogre
  7623 | D:8      | Reached skill level 8 in Polearms
  7623 | D:8      | Reached skill level 5 in Shields
  7793 | D:8      | Found a hazy altar of Hepliaklqana.
  7912 | D:8      | Identified the +9 mace of Laceration {crush, MP+9} (You
                  | found it on level 8 of the Dungeon)
  8003 | D:8      | Reached ***** piety under Trog
  8003 | D:8      | Reached XP level 10. HP: 77/77 MP: 10/10
  8025 | D:8      | Noticed Erica
  8037 | D:8      | Killed Erica
  8462 | D:9      | Found an iron altar of Okawaru.
  8670 | D:9      | Noticed a two-headed ogre
  8679 | D:9      | Killed a two-headed ogre
  8856 | D:9      | HP: 3/115 [komodo dragon (21)]
  8862 | D:9      | Reached skill level 9 in Polearms
  8864 | D:9      | Slain by a wyvern

Levels and vault maps discovered:
D:1:      psy_arrival_wood_between_worlds, layout_rooms
D:2:      layout_rooms, minitemple, first_ration
D:3:      layout_basic, chequers_ecumenical_altar_island,
          minmay_randomly_rotated_circles
D:4:      layout_layer_cave, serial_shops, nicolae_shop_waterfront,
          cheibrodos_ashenzari_chains, uniq_grinder
D:5:      layout_loops_ring, lemuel_zombie_altar_yredelemnul
D:6:      layout_cave_pods, xom_butterflies, basic_altar, uniq_edmund
D:7:      wander_guarded_unrand_ratskin, layout_loops_ring,
          minmay_temple_entry_junction_2, serial_glass, glass_columns_a,
          glass_columns_b, glass_columns_a, glass_columns_b, glass_columns_a,
          glass_columns_a, item_on_display_a, feat_on_display,
          item_on_display_a, minmay_strange_pillars, item_on_display_a,
          uniq_pikel
D:8:      layout_rooms, nicolae_overflow_crystal_walls, uniq_erica
D:9:      layout_rooms, kennysheep_okawaru_gauntlet, erik_lair_dragon

Skill      XL: |  1  2  3  4  5  6  7  8  9 10 |
---------------+-------------------------------+-----
Dodging        | 2 3 4 5 6 |  6.0
Armour         | 2 3 4 5 6 |  6.1
Polearms       | 3 4 5 6 8 9 |  9.0
Shields        | 1 2 3 4 5 |  5.6
Fighting       | 4 5 6 7 |  7.0

Action                   |  1- 3 |  4- 6 |  7- 9 | 10-12 || total
-------------------------+-------+-------+-------+-------++-------
Melee: Spear             |   137 |    63 |       |       ||   200
       Trident           |       |   100 |   519 |    95 ||   714
Invok: Berserk           |     3 |     3 |     4 |     1 ||    11
       Trog's Hand       |       |     1 |     1 |       ||     2
 Abil: Evoke Ratskin     |       |       |     1 |       ||     1
  Use: Scroll            |       |       |     5 |       ||     5
 Stab: Distracted        |       |     1 |     2 |       ||     3
  Eat: Chunk             |     5 |     8 |    14 |     2 ||    29
       Ration            |       |       |     2 |       ||     2
Armor: Animal skin       |    15 |       |       |       ||    15
       Chain mail        |    34 |    91 |   153 |     9 ||   287
Dodge: Dodged            |    29 |    26 |   132 |    31 ||   218
       Deflected         |     1 |     3 |       |       ||     4
Block: Shield            |    52 |    59 |   163 |    38 ||   312
